 Dungeon Crawl Stone Soup version 0.21-a0-346-g330ab2c (webtiles) character file.

14843 Ijustatesigmund the Slicer (level 12, -3/97 HPs)
             Began as a Vine Stalker Assassin on Oct 5, 2017.
             Was an Elder of Makhleb.
             Succumbed to a queen ant's poison
             ... on level 11 of the Dungeon.
             The game lasted 00:53:04 (11364 turns).

Ijustatesigmund the Slicer (Vine Stalker Assassin) Turns: 11364, Time: 00:53:05

Health: -3/97      AC: 12    Str: 18    XL:     12   Next: 20%
Magic:  13/23      EV: 14    Int: 15    God:    Makhleb [****..]
Gold:   1185       SH:  0    Dex: 22    Spells: 24/24 levels left

rFire    . . .     SeeInvis .   a - +6 quick blade
rCold    + . .     Gourm    .   (no shield)
rNeg     . . .     Faith    .   C - +1 ring mail {rC+}
rPois    .         Spirit   +   (no helmet)
rElec    .         Reflect  .   d - +0 cloak
rCorr    .         Harm     .   A - +1 pair of gloves
MR       +....                  F - +2 pair of boots
Stlth    ..........             K - amulet of rage
HPRegen  1.06/turn              D - ring of wizardry
MPRegen  0.18/turn              n - +4 ring of intelligence

@: berserking (expiring), lethally poisoned (-3 -> -94), very quick
A: fangs 3, regeneration 2, magic shield, antimagic bite, no potion heal 3, rot
immunity
a: Minor Destruction, Lesser Servant of Makhleb, Major Destruction, Renounce
Religion, Evoke Berserk Rage


You were on level 11 of the Dungeon.
You worshipped Makhleb.
Makhleb was greatly pleased with you.
You were not hungry.

You visited 2 branches of the dungeon, and saw 12 of its levels.
You also visited: Bailey and Ice Cave.

You collected 1185 gold pieces.

Inventory:

Hand Weapons
 a - a +6 quick blade (weapon)
 b - a +1 blowgun
Missiles
 e - 8 poisoned needles
 j - 7 throwing nets
 u - a javelin (quivered)
 G - a curare-tipped needle
Armour
 d - a +0 cloak (worn)
 f - a +2 leather armour of magic resistance
 A - a +1 pair of gloves (worn)
 C - a +1 ring mail of cold resistance (worn)
 F - a +2 pair of boots (worn)
Jewellery
 n - a +4 ring of intelligence (right hand)
 p - an uncursed ring of flight
 D - a ring of wizardry (left hand)
 K - an amulet of rage (around neck)
Wands
 h - a wand of polymorph (16/24)
 k - a wand of flame (33/48)
 r - a wand of polymorph (16/24)
 s - a wand of polymorph (6/24)
 y - a wand of lightning (0/15)
 z - a wand of scattershot (5/9)
 I - a wand of iceblast (8/15)
 M - a wand of iceblast (10/15)
Scrolls
 o - 4 scrolls of remove curse
 B - 2 scrolls of amnesia
 E - 3 scrolls of immolation
 H - a scroll of magic mapping
Potions
 i - 6 potions of flight
 l - 2 potions of lignification
 m - a potion of mutation {unknown}
 t - 2 potions of ambrosia
 w - 3 potions of brilliance
 J - a potion of magic
Books
 L - a book of Misfortune

   Spells                             Type                      Level
   a - Confusing Touch                Hexes                        1
   b - Confuse                        Hexes                        3
   c - Gell's Gravitas                Translocation                3
   d - Petrify                        Transmutation/Earth          4
   e - Metabolic Englaciation         Hexes/Ice                    5
   f - Yara's Violent Unravelling     Hexes/Transmutation          5
Miscellaneous
 v - a fan of gales (inert)
Comestibles
 g - 8 bread rations
 q - 4 meat rations
 x - 5 chunks of flesh


   Skills:
 - Level 8.9 Fighting
 - Level 9.7 Short Blades
 - Level 3.6 Throwing
 - Level 2.3 Armour
 - Level 4.7 Dodging
 - Level 9.0 Stealth
 - Level 6.9 Spellcasting
 - Level 6.8 Invocations
 + Level 0.6 Evocations


You had 24 spell levels left.
You didn't know any spells.

Dungeon Overview and Level Annotations

Branches:
Dungeon (11/15)            Temple (1/1) D:5            Lair (0/6) D:9
    Orc (0/2) D:9

Altars:
Ashenzari
Cheibriados
Dithmenos
Elyvilon
Fedhas
Gozag
Hepliaklqana
Kikubaaqudgha
Makhleb
Nemelex Xobeh
Okawaru
Qazlal
Ru
Sif Muna
Trog
Uskayaw
Vehumet
Wu Jian
Xom
Yredelemnul
Zin
The Shining One


Innate Abilities, Weirdness & Mutations

You have razor-sharp teeth.
You heal very quickly.
When hurt, damage is shared between your health and your magic reserves.
Your bite disrupts and absorbs the magic of your enemies.
Potions cannot restore your health.
You are immune to rotting.


Message History

The queen ant poisons you!
You hit the queen ant but do no damage. Your bite misses the queen ant.
The queen ant is heavily wounded.
* * * LOW HITPOINT WARNING * * *
You feel sick.
You hit the queen ant. You bite the queen ant. You drain its power.
You feel invigorated.
The queen ant is heavily wounded.
* * * LOW HITPOINT WARNING * * *
You feel sick. The queen ant stings you!
* * * LOW HITPOINT WARNING * * *
You are more poisoned.
The queen ant poisons you!
A soldier ant comes into view.
* * * LOW HITPOINT WARNING * * *
You feel extremely sick.
You feel a strong urge to attack something.
* * * LOW HITPOINT WARNING * * *
You feel very sick.
You die...

.....# #.....+. ....#
......#. #...# ##.....#.
### ##...# .##.... ##
#...#....# ...# #
#...#....# ...# #
#...#$...#####'### #
+........+...(...# #
#.......@....##..###### #
#..#.##a####.##.#..#>....##
..#.# ##.# ##.##...#.......
## #a†..#..#...#.......
aa##..##....######## ...a
.#.#..#.......# .#.a#
..##..#.###...# ......
###.#..#.# #...# .# ....
#..#.# #...#


You could see a queen ant.

Vanquished Creatures
  2 two-headed ogres
  The ghost of KristoblXynda the Grappler, a novice DrVM of Vehumet (D:8)
  A manticore (D:11)
  2 ice statues (IceCv)
  10 ice devils (IceCv)
  A troll (D:9)
  A hornet (D:7)
  Grinder (D:3)
  2 hippogriffs (D:9)
  A spriggan (D:7)
  Sigmund (D:3)
  A wyvern (D:10)
  A hungry ghost (D:10)
  9 yaks
  4 fire bats (D:9)
  A steam dragon (D:10)
  Edmund (D:4)
  A naga (Bailey)
  A water moccasin (D:6)
  A hell hound (D:9)
  3 ice beasts
  2 sky beasts (D:9)
  2 ogres
  5 orc warriors
  8 centaurs
  Blork the orc (D:6)
  8 bullfrogs
  7 gnoll sergeants (Bailey)
  3 scorpions
  8 wights
  7 killer bees
  2 howler monkeys
  5 crimson imps
  2 lava snakes (D:9)
  5 hounds
  6 orc priests
  2 bullfrog zombies (D:8)
  6 gnoll shamans (Bailey)
  2 bullfrog skeletons
  15 orc wizards
  Jessica (D:3)
  7 worker ants
  2 hound zombies (D:5)
  A hound skeleton (D:8)
  21 gnolls
  A howler monkey skeleton (D:8)
  15 adders
  3 shadow imps
  7 white imps (IceCv)
  7 ufetubi (IceCv)
  2 oozes
  An adder skeleton (D:2)
  3 worms
  2 dart slugs
  3 leopard geckos
  37 orcs
  4 giant cockroaches
  6 goblins
  6 hobgoblins
  18 jackals
  7 kobolds
  5 quokkas
  4 bats
  3 frilled lizards
  2 quokka skeletons
  9 rats
  A fire vortex (D:9)
320 creatures vanquished.

Vanquished Creatures (others)
  3 ufetubi (IceCv)
  2 orcs (D:5)
  A fire vortex (D:9)
6 creatures vanquished.

Grand Total: 326 creatures vanquished

Notes
Turn   | Place    | Note
-------+----------+-------------------------------------------
     0 | D:1      | Ijustatesigmund the Vine Stalker Assassin began the quest for the Orb.
     0 | D:1      | Reached XP level 1. HP: 11/11 MP: 2/2
   146 | D:1      | Reached skill level 5 in Stealth
   151 | D:1      | Reached XP level 2. HP: 15/15 MP: 3/3
   676 | D:1      | Reached XP level 3. HP: 9/18 MP: 4/4
   999 | D:2      | Found a glowing silver altar of Zin.
  1032 | D:2      | Gained mutation: Your natural rate of healing is unusually fast. [Vine Stalker growth]
  1032 | D:2      | Reached XP level 4. HP: 22/23 MP: 5/5
  1453 | D:2      | Reached XP level 5. HP: 20/28 MP: 6/6
  1622 | D:3      | Noticed an orc warrior
  1639 | D:2      | Killed an orc warrior
  1639 | D:2      | Reached XP level 6. HP: 17/32 MP: 3/7
  1739 | D:3      | Noticed Jessica
  1815 | D:3      | Killed Jessica
  2239 | D:3      | Noticed Sigmund
  2244 | D:3      | Killed Sigmund
  2244 | D:3      | Reached skill level 1 in Spellcasting
  2244 | D:3      | Reached XP level 7. HP: 37/37 MP: 7/10
  2782 | D:4      | Noticed Grinder
  2814 | D:3      | Killed Grinder
  2872 | D:4      | Gained mutation: You have razor-sharp teeth. [Vine Stalker growth]
  2872 | D:4      | Reached XP level 8. HP: 42/42 MP: 13/13
  2898 | D:4      | Reached skill level 5 in Short Blades
  2934 | D:4      | Reached skill level 5 in Fighting
  3445 | D:4      | Noticed Edmund
  3459 | D:4      | Killed Edmund
  3616 | D:5      | Entered Level 5 of the Dungeon
  3658 | D:5      | Reached skill level 1 in Dodging
  3837 | D:6      | Reached skill level 1 in Armour
  3931 | D:6      | Found a glowing golden altar of the Shining One.
  4275 | D:5      | Found a staircase to the Ecumenical Temple.
  4284 | Temple   | Entered the Ecumenical Temple
  4354 | Temple   | Became a worshipper of Makhleb the Destroyer
  4749 | D:6      | Reached skill level 1 in Invocations
  4749 | D:6      | Reached XP level 9. HP: 44/47 MP: 15/15
  5208 | D:6      | Noticed Blork the orc
  5208 | D:6      | Killed Blork the orc
  5697 | D:6      | Identified a scroll of acquirement
  6128 | D:7      | Reached * piety under Makhleb
  6592 | D:7      | Noticed a hornet
  6597 | D:7      | Killed a hornet
  6769 | D:8      | Noticed a two-headed ogre
  6866 | D:8      | Reached XP level 10. HP: 48/53 MP: 16/16
  6977 | D:8      | Noticed KristoblXynda's ghost (novice DrVM)
  7029 | D:8      | Killed KristoblXynda's ghost
  7218 | D:8      | Killed a two-headed ogre
  7642 | D:9      | Reached ** piety under Makhleb
  7742 | D:9      | Found a flagged portal.
  7752 | Bailey   | Entered a bailey
  8279 | Bailey   | Reached *** piety under Makhleb
  8284 | Bailey   | Reached XP level 11. HP: 58/58 MP: 17/17
  8881 | D:9      | Reached skill level 5 in Invocations
  9161 | D:9      | Found a staircase to the Lair.
  9221 | D:9      | Found a staircase to the Orcish Mines.
  9283 | D:10     | Entered Level 10 of the Dungeon
  9328 | D:10     | Reached **** piety under Makhleb
  9741 | D:10     | Noticed a two-headed ogre
  9753 | D:10     | Killed a two-headed ogre
  9990 | D:11     | Noticed a manticore
 10060 | D:11     | Found a frozen archway.
 10070 | IceCv    | Entered an ice cave
 10792 | IceCv    | Reached skill level 5 in Spellcasting
 10792 | IceCv    | Gained mutation: You heal very quickly. [Vine Stalker growth]
 10792 | IceCv    | Reached XP level 12. HP: 61/65 MP: 18/20
 10932 | IceCv    | Noticed a reaper
 10977 | IceCv    | HP: 1/65 [reaper/scythe of freezing (3)]
 11317 | D:11     | Noticed a queen ant
 11363 | D:11     | HP: 3/97 [poisoned by a queen ant]
 11364 | D:11     | Succumbed to a queen ant's poison

Vault maps used:
D:1:      scummos_arrival_simple_crosswalls
D:2:      lemuel_doored_altar
D:3:      uniq_sigmund, uniq_jessica
D:4:      first_bread, uniq_edmund, uniq_grinder
D:5:      kennysheep_kobold_camp, minmay_temple_entry_fiery
D:6:      tso_metal_star, uniq_blork_the_orc
D:7:      the_bakery
D:9:      lair_entry_dummy, orc_0_dummy, enter_bailey_8, hangedman_incinerator
D:11:     portal_ice_cave_entry_pillars_2, minmay_another_anthill
Temple:   compressed_dpeg_triangle_lava_temple
Bailey:   bailey_polearm_gnolls_kennysheep, bailey
IceCv:    ice_cave_small_demon

Skill      XL: |  1  2  3  4  5  6  7  8  9 10 11 12 |
---------------+-------------------------------------+-----
Fighting       | 2 3 4 5 6 7 8 |  8.9
Short Blades   | 2 3 4 5 8 9 |  9.7
Stealth        | 5 6 7 9 |  9.0
Spellcasting   | 1 3 5 6 |  6.9
Dodging        | 1 2 4 |  4.7
Armour         | 2 |  2.3
Invocations    | 1 2 4 6 |  6.8
Throwing       | 2 3 |  3.6
Evocations     | |  0.6

Action                   |  1- 3 |  4- 6 |  7- 9 | 10-12 || total
-------------------------+-------+-------+-------+-------++-------
Melee: Dagger            |    55 |   134 |   420 |       ||   609
       Bite              |    17 |    50 |   171 |   378 ||   616
       Unarmed           |       |       |     6 |       ||     6
       Quick blade       |       |       |    62 |   887 ||   949
 Fire: Blowgun           |       |     2 |    19 |     9 ||    30
Throw: Javelin           |       |       |       |    19 ||    19
       Throwing net      |       |       |       |     3 ||     3
Invok: Minor Destruction |       |       |       |     3 ||     3
       Lesser Servant of |       |       |       |     2 ||     2
       Major Destruction |       |       |       |     2 ||     2
 Abil: Evoke Berserk Rag |       |       |       |     9 ||     9
Evoke: Wand              |       |       |     2 |    14 ||    16
       Fan of gales      |       |       |       |     1 ||     1
  Use: Scroll            |     1 |     8 |    15 |     7 ||    31
       Potion            |       |       |     1 |     6 ||     7
 Stab: Sleeping          |     5 |    10 |    10 |    10 ||    35
       Distracted        |     1 |       |       |     3 ||     4
       Confused          |       |       |     3 |       ||     3
       Held in net/web   |       |       |       |     3 ||     3
  Eat: Chunk             |       |     4 |     8 |    10 ||    22
       Royal jelly       |       |       |     2 |     1 ||     3
       Fruit             |       |       |     2 |       ||     2
       Bread ration      |       |       |       |     3 ||     3
Armor: Robe              |     5 |    18 |       |       ||    23
       Ring mail         |       |     7 |   117 |    37 ||   161
       Leather armour    |       |       |       |   111 ||   111
Dodge: Dodged            |    37 |    65 |   142 |   265 ||   509

Table legend:
 A = Spawn XP
 B = Non-spawn XP
 C = Spawn XP percentage of total XP
 D = Spawn monster count
 E = Non-spawn monster count
 F = Spawn count percentage of total count
 G = Total turns spent on level
                    A         B        C        D         E        F      G
               +---------+---------+-------+---------+---------+-------+---------
         Total |       0 |   21205 |   0.0 |       0 |     319 |   0.0 | 11364
               +---------+---------+-------+---------+---------+-------+---------
           D:1 |       0 |      49 |   0.0 |       0 |      18 |   0.0 |  1020
           D:2 |       0 |     290 |   0.0 |       0 |      19 |   0.0 |   752
           D:3 |       0 |     783 |   0.0 |       0 |      35 |   0.0 |  1048
           D:4 |       0 |     542 |   0.0 |       0 |      20 |   0.0 |   796
           D:5 |       0 |     600 |   0.0 |       0 |      20 |   0.0 |   720
           D:6 |       0 |    1418 |   0.0 |       0 |      25 |   0.0 |  1347
           D:7 |       0 |     831 |   0.0 |       0 |       8 |   0.0 |   771
           D:8 |       0 |    2278 |   0.0 |       0 |      24 |   0.0 |   833
           D:9 |       0 |    4298 |   0.0 |       0 |      54 |   0.0 |  1030
          D:10 |       0 |    2701 |   0.0 |       0 |      27 |   0.0 |   871
          D:11 |       0 |    1699 |   0.0 |       0 |      13 |   0.0 |   260
        Bailey |       0 |    1311 |   0.0 |       0 |      30 |   0.0 |   741
         IceCv |       0 |    4405 |   0.0 |       0 |      26 |   0.0 |   950
               +---------+---------+-------+---------+---------+-------+---------
